[Event "Titled Tuesday Blitz November 29 Late 2022"]
[White "Hjartarson, Johann"]
[Black "Ivic, Velimir"]
[WhiteFideId "2300044"]
[BlackFideId "950122"]
[WhiteElo "2458"]
[BlackElo "2625"]
[Result "1-0"]
[Round "05"]
[TimeControl "180+1"]
[Date "2022.11.30"]
[WhiteClock "0:00:01"]
[BlackClock "0:00:21"]

1. d4 Nf6 2. c4 g6 3. Nc3 Bg7 4. e4 d6 5. Nf3 O-O 6. Be2 e5 7. O-O Bg4 8. d5 a5 9. Be3 Na6 10. Nd2 Bd7 11. a3 h5 12. f3 h4 13. Rb1 Nh5 14. b4 f5 15. c5 Ng3 16. Re1 f4 17. Bf2 h3 18. hxg3 fxg3 19. Bxg3 Qg5 20. Nf1 Kf7 21. Qd2 Qf6 22. Nh2 Rh8 23. Ng4 Qe7 24. gxh3 Rxh3 25. Kg2 Rh5 26. c6 Bc8 27. cxb7 Bxb7 28. f4 exf4 29. Qxf4+ Kg8 30. Rbc1 Rf8 31. Qe3 axb4 32. axb4 Nxb4 33. Rf1 Re8 34. Rb1 Bxc3 35. Qxc3 Nxd5 36. Qc4 Ba8 37. Bf3 Qg5 38. exd5 Rf8 39. Rbe1 Rh7 40. Qd4 Rhf7 41. Rh1 Rg7 42. Nh6+ Kh7 43. Nf7+ Kg8 44. Nxg5 1-0


[Site "https://www.chess.com"]

[Event "Titled Tuesday Blitz November 29 Late 2022"]
[White "Ilkhomi, Jaloliddin"]
[Black "Gerbelli Neto, Eduardo"]
[WhiteFideId "14700948"]
[BlackFideId "2103281"]
[WhiteElo "2045"]
[BlackElo "2178"]
[Result "1-0"]
[Round "05"]
[TimeControl "180+1"]
[Date "2022.11.30"]
[WhiteClock "0:01:05"]
[BlackClock "0:00:52"]

1. d4 d5 2. Bf4 Nf6 3. e3 Bf5 4. Bd3 Bg6 5. Nf3 e6 6. Bxg6 hxg6 7. Nbd2 Nbd7 8. Ne5 Nh5 9. c3 Nxf4 10. exf4 c6 11. Ndf3 Bd6 12. Qe2 Nf6 13. O-O-O Ne4 14. Nd2 Nxd2 15. Rxd2 Qa5 16. Nxg6 fxg6 17. Qxe6+ Be7 18. Re1 Qc7 19. Rde2 Kf8 20. Qxe7+ Qxe7 21. Rxe7 Rxh2 22. Rxb7 Re8 23. Rxe8+ Kxe8 24. Rxg7 Rxg2 25. f5 Rxf2 26. fxg6 Rg2 27. Rxa7 Rxg6 28. a4 Kd8 29. Kc2 Kc8 30. Kb3 Kb8 31. Rf7 Rg2 32. a5 Ka8 33. Ka3 Rc2 34. Rc7 1-0


[Site "https://www.chess.com"]

[Event "Titled Tuesday Blitz November 29 Late 2022"]
[White "Janaszak, Dawid"]
[Black "Remizov, Yaroslav"]
[WhiteFideId "1119206"]
[BlackFideId "34134015"]
[WhiteElo "2226"]
[BlackElo "2414"]
[Result "0-1"]
[Round "05"]
[TimeControl "180+1"]
[Date "2022.11.30"]
[WhiteClock "0:00:08"]
[BlackClock "0:00:24"]

1. d4 d6 2. e4 Nf6 3. Nc3 e5 4. Nge2 Nbd7 5. g3 b5 6. a3 Bb7 7. Bg2 a6 8. O-O Be7 9. h3 O-O 10. g4 Re8 11. Ng3 exd4 12. Qxd4 Nc5 13. g5 Nfd7 14. f4 Bf8 15. h4 Nb6 16. f5 Nc4 17. Nd5 Bxd5 18. Qxd5 c6 19. Qd4 Rc8 20. b4 Nd7 21. h5 c5 22. Qf2 d5 23. g6 cxb4 24. gxf7+ Kxf7 25. Qe2 Qh4 26. Nh1 Bc5+ 27. Nf2 Nde5 28. f6 Ng4 29. Bf4 Nxf2 30. Rxf2 Qxf4 31. Rf1 Nd2 32. Qxd2 Qxd2 33. fxg7+ Kxg7 0-1


[Site "https://www.chess.com"]

[Event "Titled Tuesday Blitz November 29 Late 2022"]
[White "Jaracz, Pawel"]
[Black "Sadovsky, Artem"]
[WhiteFideId "1102222"]
[BlackFideId "4155840"]
[WhiteElo "2459"]
[BlackElo "2312"]
[Result "1-0"]
[Round "05"]
[TimeControl "180+1"]
[Date "2022.11.30"]
[WhiteClock "0:00:21"]
[BlackClock "0:00:05"]

1. e4 g6 2. d4 Bg7 3. Nc3 c6 4. Nf3 d5 5. h3 dxe4 6. Nxe4 Nd7 7. Bc4 Ngf6 8. Nxf6+ Nxf6 9. O-O O-O 10. Qe2 Qd6 11. Bg5 Bf5 12. Rad1 Ne4 13. Be3 Nf6 14. Bb3 a5 15. a4 Nd5 16. Bg5 Rae8 17. Rfe1 Nf4 18. Qd2 Ne6 19. Qxa5 Nxg5 20. Nxg5 Bxd4 21. Nf3 Qc5 22. Qd2 Bxb2 23. Qf4 Bc3 24. Re3 Bf6 25. Rde1 Kg7 26. g4 Bc8 27. g5 Bb2 28. Ne5 Bf5 29. Nc4 Bd4 30. R3e2 b5 31. axb5 cxb5 32. Nd6 e5 33. Nxf5+ gxf5 34. Qxf5 Qc3 35. Kg2 Rd8 36. Rd1 Rd6 37. Rd3 Qc6+ 38. Kh2 Rg6 39. h4 h5 40. Re4 Qd6 41. Rf3 Qe7 42. c3 Bc5 43. Rxe5 Bd6 44. Re3 Qc7 45. f4 Bxe5 46. Rxe5 Rd8 47. Bd5 Rdd6 48. Qe4 Qd7 49. f5 Rxd5 50. Rxd5 Qc7+ 51. Kg2 Rc6 52. f6+ Kf8 53. Re5 Re6 54. Rxe6 fxe6 55. Qxe6 Qc6+ 56. Qxc6 Kf7 57. Qd7+ Kg6 58. Qe6 b4 59. f7+ Kg7 60. Qf6+ Kf8 61. g6 b3 62. g7# 1-0


[Site "https://www.chess.com"]

[Event "Titled Tuesday Blitz November 29 Late 2022"]
[White "Joubert, Dantelle"]
[Black "Coelho, Ramyres Santana"]
[WhiteFideId "14310813"]
[BlackFideId "2120690"]
[WhiteElo "1507"]
[BlackElo "1888"]
[Result "0-1"]
[Round "05"]
[TimeControl "180+1"]
[Date "2022.11.30"]
[WhiteClock "0:00:39"]
[BlackClock "0:00:23"]

1. d4 Nf6 2. c4 g6 3. Nc3 d5 4. Nf3 Bg7 5. Qb3 dxc4 6. Qxc4 O-O 7. e4 c6 8. Be2 b5 9. Qd3 e6 10. Bg5 h6 11. Bh4 g5 12. Bg3 Nh5 13. Rd1 Nxg3 14. hxg3 b4 15. Nb1 Ba6 16. Qe3 Bxe2 17. Kxe2 Qa5 18. a3 Na6 19. e5 c5 20. Qe4 cxd4 21. Rxd4 bxa3 22. Nxa3 Nc5 23. Qc2 Rab8 24. Nxg5 Qa6+ 25. Kd1 Rfd8 26. Qxc5 hxg5 27. Kc1 Rdc8 0-1


[Site "https://www.chess.com"]

[Event "Titled Tuesday Blitz November 29 Late 2022"]
[White "Kaganskiy, Gleb"]
[Black "Gavilan Diaz, Mario"]
[WhiteFideId "4132025"]
[BlackFideId "2260905"]
[WhiteElo "2165"]
[BlackElo "2176"]
[Result "0-1"]
[Round "05"]
[TimeControl "180+1"]
[Date "2022.11.30"]
[WhiteClock "0:00:08"]
[BlackClock "0:00:24"]

1. e4 e6 2. d4 d5 3. e5 c5 4. c3 Qb6 5. Nf3 Bd7 6. Bd3 Bb5 7. O-O Bxd3 8. Qxd3 Nc6 9. dxc5 Bxc5 10. b4 Be7 11. Be3 Qc7 12. Bd4 Nh6 13. a3 O-O 14. Nbd2 Nf5 15. c4 dxc4 16. Qxc4 Rac8 17. Rac1 Nfxd4 18. Nxd4 Qxe5 19. N2f3 Qf6 20. Rfd1 h6 21. Nxc6 Rxc6 22. Qb5 Rxc1 23. Rxc1 Qb2 24. Rc7 a6 25. Qf1 Bf6 26. Rxb7 Qxa3 27. h4 Rc8 28. Kh2 Qc1 29. Qxc1 Rxc1 30. Ra7 Ra1 31. b5 axb5 32. Rb7 Rb1 33. g4 g5 34. h5 b4 35. Nd2 Rb2 36. Ne4 Kg7 37. Nxf6 Kxf6 38. Rb5 Rxf2+ 39. Kg3 Rb2 40. Kh3 b3 41. Kg3 Rb1 42. Kg2 b2 43. Kh2 Ke7 44. Kg2 Kd6 45. Kh2 f5 46. gxf5 exf5 47. Kg2 f4 48. Rb8 Ke5 49. Rb5+ Ke4 50. Rb4+ Kf5 51. Rb5+ Kg4 52. Rb3 f3+ 53. Kf2 Kxh5 54. Rb4 g4 55. Rb3 g3+ 0-1


[Site "https://www.chess.com"]

[Event "Titled Tuesday Blitz November 29 Late 2022"]
[White "Kalogeris, Ioannis"]
[Black "Arnold, Ken"]
[WhiteFideId "4239563"]
[BlackFideId "2056836"]
[WhiteElo "2312"]
[BlackElo "2374"]
[Result "1-0"]
[Round "05"]
[TimeControl "180+1"]
[Date "2022.11.30"]
[WhiteClock "0:01:27"]
[BlackClock "0:00:54"]

1. e4 c6 2. d4 d5 3. e5 Bf5 4. Nd2 e6 5. Nb3 Nd7 6. Nf3 a5 7. a4 Qc7 8. Be2 Ne7 9. O-O Bg6 10. Nh4 Nf5 11. Nxf5 Bxf5 12. g4 Bg6 13. f4 Be4 14. Nd2 f5 15. Nxe4 fxe4 16. f5 Be7 17. fxe6 Nf8 18. c4 O-O-O 19. cxd5 Rxd5 20. Bc4 Nxe6 21. Bxd5 cxd5 22. Be3 Kd7 23. Qb3 Qc4 24. Qxb7+ Ke8 25. Rac1 1-0


[Site "https://www.chess.com"]

[Event "Titled Tuesday Blitz November 29 Late 2022"]
[White "Kamsky, Gata"]
[Black "Olafsson, Helgi"]
[WhiteFideId "2000024"]
[BlackFideId "2300010"]
[WhiteElo "2666"]
[BlackElo "2463"]
[Result "1-0"]
[Round "05"]
[TimeControl "180+1"]
[Date "2022.11.30"]
[WhiteClock "0:00:43"]
[BlackClock "0:00:02"]

1. d4 Nf6 2. Bf4 b6 3. e3 Bb7 4. Nf3 e6 5. Nbd2 Be7 6. h3 c5 7. a4 Nc6 8. Bh2 O-O 9. c3 d5 10. Bd3 Bd6 11. Ne5 Qc7 12. f4 Ne7 13. Qb1 a5 14. O-O Ba6 15. g4 Bxd3 16. Qxd3 Qb7 17. Qe2 Ne4 18. Nxe4 dxe4 19. Nc4 Qa6 20. Rf2 Bc7 21. f5 Bxh2+ 22. Kxh2 exf5 23. gxf5 f6 24. Rg1 Nd5 25. Nd6 Qxe2 26. Rxe2 cxd4 27. exd4 e3 28. c4 Rad8 29. Nb5 Ne7 30. Rf1 Nc6 31. d5 Ne5 32. b3 Rfe8 33. Kg3 Nd3 34. Rf3 Nc5 35. Rfxe3 Rxe3+ 36. Rxe3 Kf7 37. Nd4 Rd7 38. h4 g6 39. Kf4 Re7 40. Ne6 Nb7 41. h5 g5+ 42. Kg4 Nd6 43. h6 Nb7 44. Rf3 Nd6 45. Kg3 Ne4+ 46. Kg2 Nd6 47. Kf2 Ne4+ 48. Ke3 Nd6 49. Kd4 g4 50. Rf4 g3 51. Ke3 1-0


[Site "https://www.chess.com"]

[Event "Titled Tuesday Blitz November 29 Late 2022"]
[White "Kleiman, Jake"]
[Black "Iinuma, Paul Y"]
[WhiteFideId "2020041"]
[BlackFideId "2031809"]
[WhiteElo "2614"]
[BlackElo "2066"]
[Result "1-0"]
[Round "05"]
[TimeControl "180+1"]
[Date "2022.11.30"]
[WhiteClock "0:00:17"]
[BlackClock "0:00:37"]

1. e4 c5 2. c3 d5 3. exd5 Qxd5 4. d4 Nc6 5. Nf3 Bf5 6. dxc5 Qxd1+ 7. Kxd1 O-O-O+ 8. Ke1 e5 9. Be3 Nf6 10. Nbd2 Nd5 11. Nb3 f6 12. Bb5 g5 13. Nfd2 Be7 14. h4 h6 15. a4 Kc7 16. a5 a6 17. Be2 Be6 18. Nc4 f5 19. Rd1 f4 20. Bc1 gxh4 21. Nbd2 Bxc5 22. Rxh4 Be7 23. Rh5 Nf6 24. Rh1 Bd5 25. f3 h5 26. b4 Rhg8 27. Kf2 Be6 28. Nb6 Bf5 29. Ndc4 Nd5 30. Nxd5+ Kb8 31. Nxe7 Nxe7 32. Nxe5 Nd5 33. c4 Nxb4 34. Rxd8+ Rxd8 35. Bxf4 Ka8 36. Rxh5 Bb1 37. Bg5 Rf8 38. Rh6 Re8 39. f4 Na2 40. Bf3 Nc3 41. Rxa6+ Kb8 42. Rb6 Be4 43. Rb3 Bxf3 44. Kxf3 Na4 45. a6 Ka7 46. Rxb7+ Kxa6 47. Re7 Rh8 48. f5 Nc5 49. f6 Kb6 50. f7 Nb3 51. Nd7+ Kc6 52. f8=Q Rxf8+ 53. Nxf8 Nd4+ 54. Ke4 Nb3 55. Ne6 Nc5+ 56. Nxc5 Kxc5 57. Rd7 Kb4 58. c5 Kc3 59. c6 Kc4 60. c7 Kb5 61. c8=Q Kb6 62. Rb7+ Ka5 63. Qa8# 1-0


[Site "https://www.chess.com"]

[Event "Titled Tuesday Blitz November 29 Late 2022"]
[White "Kobo, Ori"]
[Black "Svane, Frederik"]
[WhiteFideId "2812320"]
[BlackFideId "12923044"]
[WhiteElo "2447"]
[BlackElo "2466"]
[Result "1-0"]
[Round "05"]
[TimeControl "180+1"]
[Date "2022.11.30"]
[WhiteClock "0:00:08"]
[BlackClock "0:00:00"]

1. Nf3 d5 2. g3 Nd7 3. d4 Nb6 4. Nc3 Nf6 5. a4 a5 6. Bg2 g6 7. O-O Bg7 8. b3 O-O 9. Ba3 Re8 10. e3 c6 11. Ne5 h5 12. Qe2 Bf5 13. h3 Qc8 14. Kh2 Nbd7 15. f4 c5 16. Nxd5 Nxe5 17. fxe5 Nxd5 18. Bxd5 cxd4 19. exd4 e6 20. Bc4 Rd8 21. Rad1 Qc6 22. Bd6 Rac8 23. c3 Be4 24. Qf2 Qe8 25. Bb5 Bc6 26. c4 Bf8 27. Bxc6 Rxc6 28. c5 b6 29. Rd3 bxc5 30. dxc5 Bg7 31. Rf3 Rd7 32. Qe2 Rb7 33. Qe4 Rb4 34. Qe2 Rb7 35. h4 Qc8 36. Qf2 Qe8 37. Re3 Rc8 38. Qf3 Rc6 39. Rf2 Rb4 40. Re4 Rb7 41. Qe3 Rc8 42. Ref4 Qc6 43. Qf3 Qxf3 44. R2xf3 Bf8 45. Rc4 Bg7 46. c6 Rb6 47. c7 f6 48. Rd3 Kf7 49. Bc5 1-0


[Site "https://www.chess.com"]

[Event "Titled Tuesday Blitz November 29 Late 2022"]
[White "Koellner, Ruben Gideon"]
[Black "Bettalli, Francesco"]
[WhiteFideId "12993093"]
[BlackFideId "2816453"]
[WhiteElo "2303"]
[BlackElo "2216"]
[Result "1-0"]
[Round "05"]
[TimeControl "180+1"]
[Date "2022.11.30"]
[WhiteClock "0:01:12"]
[BlackClock "0:02:13"]

1. d4 Nf6 2. Nf3 g6 3. Nbd2 d5 4. e3 Bg7 5. b4 O-O 6. c4 dxc4 7. Bxc4 a5 8. b5 c5 9. bxc6 Nxc6 10. O-O Bf5 11. Ba3 Re8 12. Bb5 Ne4 13. Rc1 Nxd2 14. Nxd2 e5 15. e4 Bd7 16. d5 Nd4 17. Bxd7 Qxd7 18. Nb3 b6 19. Nxd4 exd4 20. Qd3 Rac8 21. Bb2 f5 22. f3 fxe4 23. fxe4 Qg4 24. Rxc8 Rxc8 25. h3 Qg5 26. Bxd4 Bxd4+ 27. Qxd4 Rc2 28. Rf2 Rc1+ 29. Kh2 Re1 30. d6 Qc1 31. Qd5+ Kg7 32. Qf7+ Kh6 33. Qf4+ Qxf4+ 34. Rxf4 Kg5 35. d7 Rd1 36. Rf7 1-0


[Site "https://www.chess.com"]

[Event "Titled Tuesday Blitz November 29 Late 2022"]
[White "Kollars, Dmitrij"]
[Black "Boyer, Mahel"]
[WhiteFideId "12909572"]
[BlackFideId "45102422"]
[WhiteElo "2584"]
[BlackElo "2454"]
[Result "1-0"]
[Round "05"]
[TimeControl "180+1"]
[Date "2022.11.30"]
[WhiteClock "0:00:05"]
[BlackClock "0:00:03"]

1. Nf3 d5 2. g3 b6 3. Bg2 Bb7 4. c4 dxc4 5. Qa4+ Nd7 6. Qxc4 e6 7. O-O a6 8. d4 c5 9. Rd1 Ngf6 10. Nc3 b5 11. Qd3 cxd4 12. Nxd4 Bxg2 13. Kxg2 Ne5 14. Qc2 Qc7 15. Bf4 Qb7+ 16. Kg1 Ng6 17. Bg5 Be7 18. Bxf6 gxf6 19. a4 b4 20. Qe4 Qxe4 21. Nxe4 f5 22. Nd2 Bf6 23. Nc4 Ne5 24. Na5 Rc8 25. Rac1 O-O 26. b3 Rfd8 27. Rxc8 Rxc8 28. Nf3 Nxf3+ 29. exf3 Rc3 30. Kg2 Be5 31. Rd7 Bc7 32. Nc4 Rxb3 33. Rxc7 Rc3 34. a5 b3 35. Ra7 Rxc4 36. Rb7 Rc3 37. Rb6 Rc5 38. Rxb3 Rxa5 39. Rb8+ Kg7 40. Ra8 Ra3 41. Ra7 e5 42. h4 h5 43. Ra8 Kf6 44. Rh8 Kg6 45. Rg8+ Kh7 46. Rg5 f6 47. Rxf5 Kg6 48. g4 e4 49. Rxh5 Rxf3 50. Ra5 Rf4 51. Kg3 Rf3+ 52. Kg2 Rf4 53. h5+ Kh6 54. Kg3 Rf3+ 55. Kh4 Rxf2 56. Rxa6 Rf4 57. Kg3 Rf3+ 58. Kh4 Rf4 59. Re6 Kg7 60. Re7+ Kh6 61. Rf7 e3 62. Re7 Rf3 63. Re8 Kg7 64. Re6 Kf7 65. Re4 f5 66. gxf5 Kf6 67. Re8 Kxf5 68. h6 Rf2 69. Kg3 Ra2 70. h7 Ra1 71. h8=Q Rg1+ 72. Kh2 e2 73. Qf8+ 1-0


[Site "https://www.chess.com"]

[Event "Titled Tuesday Blitz November 29 Late 2022"]
[White "Korobov, Anton"]
[Black "Nasuta, Grzegorz"]
[WhiteFideId "14105730"]
[BlackFideId "1141686"]
[WhiteElo "2635"]
[BlackElo "2440"]
[Result "1-0"]
[Round "05"]
[TimeControl "180+1"]
[Date "2022.11.30"]
[WhiteClock "0:00:45"]
[BlackClock "0:00:01"]

1. d4 d5 2. c4 c6 3. Nc3 Nf6 4. cxd5 cxd5 5. Bg5 Ne4 6. Nxe4 dxe4 7. a3 Qd5 8. Bd2 Qxd4 9. Qc2 Nc6 10. e3 Qd6 11. Qxe4 Be6 12. Nf3 Bd5 13. Qa4 e5 14. Bc3 f6 15. Rd1 Qe6 16. Rxd5 Qxd5 17. Bc4 Qd7 18. O-O O-O-O 19. b4 Kb8 20. b5 Ne7 21. Nxe5 fxe5 22. Bxe5+ Ka8 23. Bd4 Nc8 24. Rc1 Qc7 25. Rc2 Nb6 26. Qa5 Rxd4 27. exd4 Bd6 28. Bd3 Qe7 29. g3 Re8 30. Re2 Qd7 31. a4 Rxe2 32. Bxe2 Qe6 33. Bf3 Qb3 34. Kg2 Qxa4 35. Qe1 Qxb5 36. Qe6 Qd7 37. Qg8+ Bb8 38. Qxh7 a5 39. h4 a4 40. h5 a3 41. h6 gxh6 42. Qxh6 Ka7 43. Qd2 1-0


[Site "https://www.chess.com"]

[Event "Titled Tuesday Blitz November 29 Late 2022"]
[White "Kovacevic, Radmila"]
[Black "Hoffmann, Asa"]
[WhiteFideId "933171"]
[BlackFideId "2001470"]
[WhiteElo "2208"]
[BlackElo "2117"]
[Result "0-1"]
[Round "05"]
[TimeControl "180+1"]
[Date "2022.11.30"]
[WhiteClock "0:00:01"]
[BlackClock "0:00:31"]

1. e4 d6 2. d4 Nf6 3. Nc3 c6 4. Bc4 d5 5. exd5 cxd5 6. Bd3 Nc6 7. Nge2 Bg4 8. f3 Bh5 9. O-O e6 10. Be3 Bd6 11. Nb5 Bb8 12. c4 Bg6 13. c5 a6 14. Nd6+ Bxd6 15. cxd6 Qxd6 16. Bf4 Qe7 17. Bxg6 hxg6 18. Rc1 O-O 19. Qb3 Rac8 20. Rfe1 Qb4 21. Qe3 Na5 22. a3 Qb3 23. Qxb3 Nxb3 24. Rc3 Rxc3 25. bxc3 Rc8 26. Rb1 Na5 27. Rb6 Nd7 28. Rb4 b5 29. a4 Rc4 30. axb5 axb5 31. Rxb5 Nc6 32. Rb7 Nf6 33. Bd6 g5 34. g4 Ra4 35. Rc7 Na5 36. Rc8+ Kh7 37. h4 gxh4 38. Nf4 Nc4 39. Be5 Nxe5 0-1


[Site "https://www.chess.com"]

[Event "Titled Tuesday Blitz November 29 Late 2022"]
[White "Kuzmicz, Krystian"]
[Black "Wirig, Anthony"]
[WhiteFideId "1119125"]
[BlackFideId "615013"]
[WhiteElo "2380"]
[BlackElo "2487"]
[Result "1/2-1/2"]
[Round "05"]
[TimeControl "180+1"]
[Date "2022.11.30"]
[WhiteClock "0:01:03"]
[BlackClock "0:00:19"]

1. e4 c5 2. d3 Nc6 3. g3 g6 4. Bg2 Bg7 5. f4 d6 6. Nf3 Nh6 7. O-O O-O 8. c3 f5 9. Na3 Kh8 10. h3 e6 11. Be3 Bd7 12. Bf2 b6 13. Nc2 Rc8 14. exf5 Nxf5 15. d4 cxd4 16. Ncxd4 Ncxd4 17. Nxd4 Nxd4 18. Bxd4 e5 19. Be3 Bb5 20. Re1 Qc7 21. Qd2 Bc6 22. Rad1 Bxg2 23. Qxg2 Rcd8 24. Qd5 Rf5 25. fxe5 Rxe5 26. Qd3 Rde8 27. Bf2 Rxe1+ 28. Rxe1 Rxe1+ 29. Bxe1 Be5 30. Qd5 Kg7 31. Kg2 Qf7 32. Qxf7+ Kxf7 33. Kf3 Ke6 34. g4 d5 35. Bf2 Bc7 36. Bd4 a6 37. a4 b5 38. axb5 axb5 39. b3 Bd6 40. Ke3 Be7 41. Kd3 Bf8 42. Ke3 Bh6+ 43. Kf3 Bg5 44. Ke2 Bf4 45. Kf3 Bd6 46. Ke2 h5 47. Kf3 Bc7 48. Ke2 hxg4 49. hxg4 Bd6 50. Kf3 Bc7 51. Ke2 Bd6 52. Kf3 Bb8 53. Ke2 Bd6 1/2-1/2


[Site "https://www.chess.com"]

[Event "Titled Tuesday Blitz November 29 Late 2022"]
[White "Liu, Kelsey"]
[Black "Barbot, Pierre"]
[WhiteFideId "30944481"]
[BlackFideId "663727"]
[WhiteElo "2278"]
[BlackElo "2439"]
[Result "0-1"]
[Round "05"]
[TimeControl "180+1"]
[Date "2022.11.30"]
[WhiteClock "0:00:02"]
[BlackClock "0:00:49"]

1. e4 c5 2. Nf3 Nc6 3. Bb5 g6 4. O-O Bg7 5. c3 Nf6 6. Re1 O-O 7. d4 d5 8. e5 Ne4 9. Be3 cxd4 10. cxd4 Qb6 11. a4 a6 12. Bxc6 bxc6 13. Nc3 Qxb2 14. Nxe4 dxe4 15. Ng5 Bf5 16. Rb1 Qa3 17. Bc1 Qd3 18. Bb2 e3 19. Qxd3 exf2+ 20. Kxf2 Bxd3 21. Rbc1 Rac8 22. Ba3 Rfe8 23. g4 Bh6 24. h4 f6 25. Rc3 fxg5 26. hxg5 Bxg5 27. Rxd3 Bh4+ 28. Ke2 Bxe1 29. Kxe1 Rb8 30. Rc3 Rb1+ 31. Ke2 Ra1 32. a5 Kf7 0-1


[Site "https://www.chess.com"]

[Event "Titled Tuesday Blitz November 29 Late 2022"]
[White "Lopez Mulet, Inigo"]
[Black "Qashashvili, Alexandre"]
[WhiteFideId "22235620"]
[BlackFideId "13600842"]
[WhiteElo "2289"]
[BlackElo "2405"]
[Result "1-0"]
[Round "05"]
[TimeControl "180+1"]
[Date "2022.11.30"]
[WhiteClock "0:00:13"]
[BlackClock "0:00:09"]

1. e4 c6 2. Nf3 d5 3. Nc3 dxe4 4. Nxe4 Nf6 5. Ng3 Bg4 6. h3 Bxf3 7. Qxf3 Qd5 8. Be2 Qxf3 9. Bxf3 Nbd7 10. O-O e6 11. d4 Bd6 12. c3 Bxg3 13. fxg3 O-O 14. Bf4 Nd5 15. Bd6 Rfe8 16. Rae1 N7f6 17. h4 h6 18. g4 Rad8 19. Be5 Nd7 20. Bg3 N7b6 21. Kh2 Nc4 22. Rf2 Rd7 23. g5 hxg5 24. hxg5 g6 25. Rh1 Kf8 26. b3 Nce3 27. Be5 Nxc3 28. Bf6 Ncd5 29. Bxd5 Nxd5 30. Kg3 Nxf6 31. gxf6 Kg8 32. Rf4 Rd5 33. Rfh4 Rh5 34. Rxh5 gxh5 35. Rxh5 Rd8 36. Rh4 Rd5 37. Rf4 Kh7 38. Kf3 Kg6 39. g4 Kg5 40. Ke4 b6 41. Rf1 Kxg4 42. Rg1+ Kh5 43. Rg7 c5 44. dxc5 Rxc5 45. Rxf7 Ra5 46. a4 Kg6 47. Rf8 Rf5 48. Ra8 a5 49. Ra6 Kxf6 50. Rxb6 Re5+ 51. Kd4 Rh5 52. Rb5 Rxb5 53. axb5 Ke7 54. Kc5 Kd7 55. Kb6 e5 56. Ka7 e4 57. b6 e3 58. b7 e2 59. b8=Q e1=Q 60. Qb7+ Kd8 61. Qb6+ Kd7 62. Ka6 Qe2+ 63. Kxa5 Kc8 64. Qa6+ Qxa6+ 65. Kxa6 Kb8 66. Kb6 Kc8 67. Ka7 Kc7 68. b4 Kc6 69. Ka6 Kc7 70. b5 Kc8 71. Ka7 Kc7 72. b6+ Kc6 73. b7 Kd7 74. b8=Q Ke7 75. Qe5+ 1-0


[Site "https://www.chess.com"]

[Event "Titled Tuesday Blitz November 29 Late 2022"]
[White "Maatman, Nick"]
[Black "Nepo"]
[WhiteFideId "1040391"]
[WhiteElo "2652"]
[BlackElo "2208"]
[Result "1-0"]
[Round "05"]
[TimeControl "180+1"]
[Date "2022.11.30"]
[WhiteClock "0:02:29"]
[BlackClock "0:02:28"]

1. d4 Nf6 2. c4 e6 3. Nf3 d5 4. g3 Bb4+ 5. Nbd2 O-O 6. Bg2 c6 7. O-O Bxd2 8. Qxd2 dxc4 9. Ne5 Nd5 10. Nxc4 Nd7 11. a3 N7b6 12. Qc2 Nxc4 13. Qxc4 Nb6 14. Qd3 Qe7 15. Rd1 e5 16. Be3 exd4 17. Bxd4 Be6 18. Qc3 f6 19. Bc5 Na4 20. Bxe7 Nxc3 21. bxc3 1-0


[Site "https://www.chess.com"]

[Event "Titled Tuesday Blitz November 29 Late 2022"]
[White "Maksimovic, Bojan"]
[Black "Ferreira, Vitor Hugo Vieira"]
[WhiteFideId "14408120"]
[BlackFideId "2119765"]
[WhiteElo "2447"]
[BlackElo "2168"]
[Result "1-0"]
[Round "05"]
[TimeControl "180+1"]
[Date "2022.11.30"]
[WhiteClock "0:00:15"]
[BlackClock "0:00:59"]

1. e4 c5 2. Nf3 d6 3. d4 cxd4 4. Nxd4 Nf6 5. Nc3 a6 6. Be2 e6 7. Be3 Be7 8. g4 Nfd7 9. Qd2 Nc6 10. f4 Qc7 11. O-O-O b5 12. a3 Bb7 13. g5 Rc8 14. h4 O-O 15. h5 Nxd4 16. Bxd4 e5 17. Be3 exf4 18. Bxf4 Ne5 19. h6 g6 20. Kb1 Rfd8 21. Rhf1 Nc4 22. Bxc4 Qxc4 23. Qd4 Qxd4 24. Rxd4 f6 25. gxf6 Bxf6 26. Rxd6 Rxd6 27. Bxd6 Bxc3 28. bxc3 Bxe4 29. Re1 Bf5 30. Re7 Rxc3 31. Rg7+ Kh8 32. Be5 Bxc2+ 33. Kb2 Rc5 34. Rc7+ Rxe5 35. Rc8+ 1-0


[Site "https://www.chess.com"]

[Event "Titled Tuesday Blitz November 29 Late 2022"]
[White "Manelyuk, Daniil"]
[Black "Shapiro, Daniel"]
[WhiteFideId "44173920"]
[BlackFideId "2001780"]
[WhiteElo "2209"]
[BlackElo "2332"]
[Result "1-0"]
[Round "05"]
[TimeControl "180+1"]
[Date "2022.11.30"]
[WhiteClock "0:00:30"]
[BlackClock "0:00:01"]

1. e4 e5 2. Nf3 Nc6 3. Bb5 a6 4. Ba4 Nf6 5. O-O Be7 6. Re1 b5 7. Bb3 d6 8. c3 O-O 9. h3 Na5 10. Bc2 c5 11. d4 Nd7 12. Nbd2 cxd4 13. cxd4 Nc6 14. d5 Nb4 15. Bb1 a5 16. a3 Na6 17. b4 a4 18. Bb2 Nc7 19. Bd3 Rb8 20. Rc1 Ne8 21. Rc6 Ndf6 22. Qe2 Bd7 23. Bxb5 Bxc6 24. Bxc6 Rc8 25. Bxa4 Qb6 26. Bc6 g6 27. Nc4 Qa7 28. b5 Ng7 29. b6 Qa6 30. a4 Nfh5 31. Bb5 Qa8 32. a5 Rc5 33. Bc6 Qa6 34. Rc1 Nf4 35. Qf1 f5 36. Nfd2 fxe4 37. Nxe4 Rxd5 38. Bxd5+ Nxd5 39. Ncxd6 Qxa5 40. Nc4 Qb5 41. Bxe5 Nxb6 42. Nxb6 Qxb6 43. Qc4+ Kh8 44. Bd4 Qb7 45. Qc3 Bd8 46. Nc5 Qf7 47. Bxg7+ Qxg7 48. Qxg7+ Kxg7 49. Ne6+ Kf7 50. Nxf8 Kxf8 51. Rd1 Ke8 52. g3 Bb6 53. Kg2 Ke7 54. f4 Be3 55. Kf3 1-0


[Site "https://www.chess.com"]

[Event "Titled Tuesday Blitz November 29 Late 2022"]
[White "Martinez Ramirez, Lennis"]
[Black "Kowalski, Igor"]
[WhiteFideId "3509079"]
[BlackFideId "1172468"]
[WhiteElo "2439"]
[BlackElo "2317"]
[Result "0-1"]
[Round "05"]
[TimeControl "180+1"]
[Date "2022.11.30"]
[WhiteClock "0:00:05"]
[BlackClock "0:00:08"]

1. c4 Nf6 2. d4 g6 3. Nc3 Bg7 4. e4 O-O 5. Nf3 d6 6. h3 Nbd7 7. Bd3 c5 8. d5 a6 9. a4 e5 10. g4 Ne8 11. Rg1 Nc7 12. h4 Rb8 13. h5 b5 14. axb5 axb5 15. cxb5 Nb6 16. b3 Bd7 17. Bg5 Qe8 18. h6 Bh8 19. Ra5 Nc8 20. Qe2 f6 21. Be3 Qd8 22. Ra2 Qe8 23. Ra5 Qd8 24. Qa2 Nb6 25. Nd2 Ra8 26. Nc4 Nxb5 27. Nxb5 Bxb5 28. Nxb6 Rxa5 29. Qxa5 Bxd3 30. f3 Qc7 31. b4 cxb4 32. Qxb4 Rb8 33. Kf2 Qc2+ 34. Kg3 Rd8 35. Rc1 Qe2 36. Bf2 f5 37. Nc8 fxe4 38. Ne7+ Kf7 39. fxe4 Bxe4 40. Rc3 Kxe7 41. Re3 Qc2 42. Rxe4 Bf6 43. Kg2 Bh4 44. Qb6 Qxe4+ 45. Kh3 Bxf2 46. Qxf2 Rf8 47. Qa7+ Ke8 48. Qb8+ Ke7 49. Qc7+ Kf6 50. Qg7+ Kg5 51. Qxf8 Qxg4+ 52. Kh2 Qf4+ 53. Kg2 Qxf8 0-1


[Site "https://www.chess.com"]

[Event "Titled Tuesday Blitz November 29 Late 2022"]
[White "Martinez Reyes, Pedro Ramon"]
[Black "Battlecruiser_Operational"]
[WhiteFideId "3901807"]
[WhiteElo "2354"]
[BlackElo "2172"]
[Result "1-0"]
[Round "05"]
[TimeControl "180+1"]
[Date "2022.11.30"]
[WhiteClock "0:00:03"]
[BlackClock "0:00:06"]

1. f4 c6 2. Nf3 d5 3. b3 Nf6 4. e3 g6 5. Bb2 Bg7 6. Be2 O-O 7. O-O Nbd7 8. a4 a5 9. Qe1 e6 10. h3 b6 11. d3 Ba6 12. Nbd2 Rc8 13. e4 b5 14. e5 Ne8 15. h4 bxa4 16. Rxa4 Ra8 17. h5 Bb5 18. Ra1 a4 19. hxg6 fxg6 20. Ng5 Nc7 21. c4 Ba6 22. Rxa4 Nxe5 23. Nxh7 Nxd3 24. Bxd3 Kxh7 25. Qg3 Qe8 26. Bxg7 Kxg7 27. Nf3 dxc4 28. bxc4 Bb7 29. Rxa8 Nxa8 30. Ne5 Rf6 31. Rb1 Ba6 32. Ra1 Bb7 33. Ra7 Qb8 34. Qe3 Nc7 35. Qb6 Rxf4 36. Qxb7 Qf8 37. Qxc7+ Kh6 38. Qh7+ Kg5 39. Rf7 Qc5+ 40. Kh2 Qxe5 41. Rxf4 Qxf4+ 42. g3 Qd2+ 43. Kh3 Qxd3 44. Qh4+ Kf5 45. Qf4# 1-0


[Site "https://www.chess.com"]